 Dungeon Crawl Stone Soup version 0.29-a0-359-g541a27f54d (webtiles) character file.

Game seed: 3033666054683160736

628 spaghetti the Fighter (level 7, 2/48 HPs)
             Began as a Vine Stalker Delver on Apr 27, 2022.
             Was an Initiate of Ru.
             Quit the game on level 7 of the Dungeon on Apr 28, 2022.
             The game lasted 00:05:00 (681 turns).

spaghetti the Fighter (Vine Stalker Delver)          Turns: 681, Time: 00:05:01

Health: 2/48       AC:  4    Str: 14    XL:     7   Next: 48%
Magic:  1/8        EV: 12    Int: 12    God:    Ru [......]
Gold:   28         SH:  0    Dex: 16    Spells: 6/6 levels left

rFire   . . .      SeeInvis .   a - +0 short sword {short}
rCold   . . .      Faith    .   (no shield)
rNeg    . . .      Spirit   +   b - +0 leather armour
rPois   .          Reflect  .   (no helmet)
rElec   .          Harm     .   l - +0 cloak
rCorr   .          Rampage  .   (no gloves)
Will    .....                   (no boots)
Stlth   ++........              (no amulet)
HPRegen 0.96/turn               (no ring)
MPRegen 0.11/turn               (no ring)

@: very slow
A: fangs 2, regeneration 1, magic shield, antimagic bite, no potion heal 2
a: Renounce Religion


You were on level 7 of the Dungeon.
You worshipped Ru.
Ru was noncommittal.
You visited 2 branches of the dungeon, and saw 4 of its levels.

You collected 28 gold pieces.


Innate Abilities, Weirdness & Mutations

You have extremely sharp teeth.
Your natural rate of healing is unusually fast.
When hurt, damage is shared between your health and your magic reserves.
Your bite disrupts and absorbs the magic of your enemies.
Potions cannot restore your health.


   Skills:
 + Level 11.8 Fighting
 - Level 1.7 Short Blades
 + Level 0.5 Throwing
 + Level 0.5 Armour
 + Level 1.8 Dodging
 + Level 9.9 Stealth


You had 6 spell levels left.
You didn't know any spells.
Your spell library was empty.

Inventory:

Hand Weapons
 a - a +0 short sword (weapon) {short}
Missiles
 k - 50 stones (quivered) {throwing}
 m - 4 boomerangs {throwing}
Armour
 b - a +0 leather armour (worn)
 l - a +0 cloak (worn)
   (You found it on level 6 of the Dungeon)
Wands
 g - a wand of digging (3)
 i - a wand of paralysis (2)
   (You found it on level 5 of the Dungeon)
 p - a wand of iceblast (9)
   (You found it on level 7 of the Dungeon)
Scrolls
 c - a scroll of fog
 e - a scroll of fear
 h - a scroll of identify {unknown}
 o - a scroll of teleportation {unknown}
Potions
 f - a potion of haste {@q3}
 n - a potion of mutation {unknown}

Dungeon Overview and Level Annotations

Branches:
Dungeon (7/15)             Temple (1/1) D:6

Altars:
Ashenzari
Dithmenos
Gozag
Kikubaaqudgha
Makhleb
Nemelex Xobeh
Okawaru
Ru
Sif Muna
Uskayaw
Vehumet
Xom
Zin
The Shining One

Shops:
D:5 *

Portals:
Bailey: D:7

Annotations:
D:6 1 exclusion, Blork the orc
D:7 exclusion: 2 doors

...........
##...........
#............
#.≈≈≈≈≈......
#.≈.>.≈K.....
#.≈K{{oK.....
#.≈ggg≈.....#
#.≈≈@≈≈...# #...goo.#...
#####.### #...######
##.# #......# #..#
######.## #.##
########..#
#.######..........
#######.##........####..
........##.#.......#)...


You could see an orc wizard, 2 orcs, 4 goblins and 3 kobolds.


Message History

The orc wizard flickers and vanishes!
Deactivating autopickup; reactivate with Ctrl-A. 😮 HP[-5] MP[-1]
You take 5 damage, and now have 23/32 hp.
You lost 1 mp, and now have 5/7 mp.
You barely miss the goblin.
The orc wizard shouts!
The kobold shouts!
Your bite misses the goblin. The goblin hits you with a +0 spear.
The goblin hits you but does no damage.
A kobold brigand comes into view.
It is wielding a +0 whip and quivering poisoned darts.
The goblin closely misses you. The goblin barely misses you.
The kobold brigand shouts!
You hit the goblin but do no damage. The goblin hits you with a +0 spear.
The goblin barely misses you. The goblin hits you but does no damage.
The goblin hits you with a +0 spear. 😮 HP[-4] MP[-1]
You take 4 damage, and now have 19/32 hp.
You lost 1 mp, and now have 4/7 mp.
Your unstable footing causes you to fumble your attack.
The goblin hits you with a +0 spear. The goblin barely misses you.
The goblin hits you with a +0 spear.
The goblin barely misses you. 😮 HP[-1] MP[-1]
You take 1 damage, and now have 18/32 hp.
You lost 1 mp, and now have 3/7 mp.
You barely miss the goblin. You bite the goblin, but do no damage.
The goblin hits you but does no damage.
A kobold comes into view.
It is wielding a +0 short sword and quivering poisoned darts.
The orc barely misses you. The goblin hits you with a +3 spear.
The kobold brigand drinks a potion.
The kobold brigand flickers and vanishes!
The goblin closely misses you. The goblin hits you with a +0 spear.
* * * LOW HITPOINT WARNING * * *
A kobold comes into view.
It is wielding a +0 short sword. 😨 HP[-5] MP[-1]
You take 5 damage, and now have 13/32 hp.
You lost 1 mp, and now have 2/7 mp.
You hear the roar of battle.
There is an entrance to a bailey on this level.
Hurry and find it before the portal closes forever!
Level annotation: exclusion: 2 doors 🤖 Initializing magus.rc ...
Options error: Delay interrupt name "hungry" not recognised. (~/.crawlrc:4761) Options error: Bad monster_list_colour key: strict_neutral (~/.crawlrc:4776) ✅ Successfully initialized magus.rc [v1.9.6] Welcome back, spaghetti the Vine Stalker Delver.
Ru says: Cut away your false body!
Press ? for a list of commands and other information.
Unknown command.
Unknown command.
It was a potion of magic.
Magic courses through your body.
The goblin barely misses you. x2; The orc barely misses you.
The goblin hits you with a +0 spear.
* * * LOW HITPOINT WARNING * * *
The goblin closely misses you. 😨 HP[-1] MP[+4]
You take 1 damage, and now have 12/32 hp.
You regained 4 mp, and now have 6/7 mp.
It was a potion of experience.
You feel more experienced!
Your Fighting skill gained 9 levels and is now at level 11!
You have reached level 7!
The goblin barely misses you. The orc closely misses you.
The goblin barely misses you. x2; The goblin hits you with a +0 spear.
* * * LOW HITPOINT WARNING * * *
😨 HP[+5]
You now have 48 max hp (+16).
You regained 5 hp, and now have 17/48 hp.
You barely miss the goblin.
The kobold shouts!
Your bite misses the goblin. The goblin hits you with a +0 spear.
* * * LOW HITPOINT WARNING * * *
The orc hits you but does no damage. The goblin hits you with a +3 spear.
* * * LOW HITPOINT WARNING * * *
The goblin hits you with a +0 spear.
* * * LOW HITPOINT WARNING * * *
The goblin barely misses you. 😱 HP[-7] MP[-2]
You take 7 damage, and now have 10/48 hp.
You lost 2 mp, and now have 4/8 mp.
Your unstable footing causes you to fumble your attack.
The goblin closely misses you. The orc hits you with a +0 club.
* * * LOW HITPOINT WARNING * * *
The goblin hits you but does no damage. x2; The goblin barely misses you. 😱 HP[-2] MP[-1]
You take 2 damage, and now have 8/48 hp.
You lost 1 mp, and now have 3/8 mp.
You hit the orc. Your bite misses the orc. The goblin hits you with a +0 spear.
* * * LOW HITPOINT WARNING * * *
The orc hits you with a +0 club.
* * * LOW HITPOINT WARNING * * *
The goblin hits you with a +3 spear.
* * * LOW HITPOINT WARNING * * *
The goblin hits you but does no damage.
The goblin barely misses you. 😱 HP[-6] MP[-2]
You take 6 damage, and now have 2/48 hp.
You lost 2 mp, and now have 1/8 mp.
Are you sure you want to abandon this character and quit the game? (Confirm with "yes".)
Okay, then.
Unknown command.
Unknown command.
Are you sure you want to abandon this character and quit the game? (Confirm with "yes".)

Skill      XL: |  1  2  3  4  5  6 |
---------------+-------------------+-----
Stealth        | 7 8 9 |  9.9
Fighting       | 11 | 11.8
Short Blades   | |  1.7
Throwing       | |  0.5
Armour         | |  0.5
Dodging        | |  1.8

Action                   |  1- 3 |  4- 6 |  7- 9 || total
-------------------------+-------+-------+-------++-------
Melee: Short sword       |     3 |    55 |     3 ||    61
       Bite              |       |    20 |       ||    20
       Punch             |       |     1 |       ||     1
Evoke: Wand              |     3 |     1 |       ||     4
  Use: Scroll            |     1 |       |       ||     1
       Potion            |       |     2 |       ||     2
 Stab: Paralysed         |     2 |     1 |       ||     3
       Sleeping          |       |     3 |       ||     3
Armor: Leather armour    |     1 |     9 |     4 ||    14
Dodge: Dodged            |     1 |    35 |     8 ||    44

Levels and vault maps discovered:
D:5:      layout_basic, worldfamousw_hep_ancestral_shrine,
          grunt_gozag_breadcrumbs, serial_shops, nicolae_stop_n_shop_1,
          hangedman_abyss_or_decor_passed, uniq_pikel
D:6:      layout_basic, general_overflow_altar,
          nicolae_qazlal_style_of_elements, lemuel_doored_altar,
          mainiacjoe_overflow_cross_hatched, temple_fountains, minivault_26,
          minmay_ruffians, uniq_edmund, uniq_blork_the_orc
D:7:      layout_rooms, enter_bailey_5, kennysheep_cluttered_room,
          kennysheep_cross_room
Temple:   nicolae_temple_x_marks_the_god

Notes
Turn   | Place    | Note
-------+----------+-------------------------------------------
     0 | D:5      | spaghetti the Vine Stalker Delver began the quest for the
                  | Orb.
     0 | D:5      | Reached XP level 1. HP: 11/11 MP: 2/2
     0 | D:5      | magus.rc [v1.9.6]
    81 | D:5      | Found an opulent altar of Gozag.
    90 | D:5      | Found Miloru's Assorted Antiques.
    90 | D:5      | Noticed an orc priest
   110 | D:6      | Noticed a scorpion
   125 | D:6      | Killed a scorpion
   126 | D:6      | Reached skill level 7 in Stealth
   126 | D:6      | Reached XP level 2. HP: 16/16 MP: 3/3
   126 | D:6      | Reached XP level 3. HP: 19/19 MP: 4/4
   126 | D:6      | Noticed a bullfrog
   135 | D:6      | Killed a bullfrog
   136 | D:6      | Reached skill level 8 in Stealth
   136 | D:6      | Gained mutation: Your natural rate of healing is unusually
                  | fast. [Vine Stalker growth]
   136 | D:6      | Reached XP level 4. HP: 11/23 MP: 2/5
   136 | D:6      | Reached XP level 5. HP: 13/27 MP: 2/6
   182 | D:6      | Found a staircase to the Ecumenical Temple.
   201 | D:6      | Reached skill level 9 in Stealth
   202 | Temple   | Entered the Ecumenical Temple
   297 | Temple   | Became a worshipper of Ru the Awakened
   315 | D:6      | Found an ancient bone altar of Kikubaaqudgha.
   326 | D:6      | Noticed a human
   326 | D:6      | Noticed a human
   326 | D:6      | Noticed Blork the orc
   410 | D:7      | Reached XP level 6. HP: 32/32 MP: 7/7
   438 | D:7      | magus.rc [v1.9.6]
   486 | D:7      | HP: 7/32 [electric eel/bolt of electricity (6)]
   534 | D:7      | HP: 3/32 [electric eel/bolt of electricity (10)]
   668 | D:7      | Found a flagged portal.
   676 | D:7      | magus.rc [v1.9.6]
   677 | D:7      | Identified a potion of experience
   677 | D:7      | Reached skill level 11 in Fighting
   677 | D:7      | Reached XP level 7. HP: 18/48 MP: 6/8
   678 | D:7      | HP: 12/48 [goblin/+3 spear (5)]
   680 | D:7      | HP: 5/48 [orc/+0 club (3)]
   680 | D:7      | HP: 2/48 [goblin/+3 spear (3)]
   681 | D:7      | Quit the game

Vanquished Creatures
  2 bullfrogs (D:6)
  A scorpion (D:6)
  2 electric eels (D:7)
  A hound (D:7)
  An orc wizard (D:6)
  7 orcs
14 creatures vanquished.

Table legend:
 A = Non-vault XP
 B = Vault XP
 C = Vault XP percentage of total XP
 D = Non-vault monster count
 E = Vault monster count
 F = Vault count percentage of total count
                 A         B        C        D         E       F
            +---------+---------+-------+---------+---------+-------
      Total |     463 |       0 |   0.0 |      14 |       0 |   0.0
            +---------+---------+-------+---------+---------+-------
        D:6 |     302 |       0 |   0.0 |       7 |       0 |   0.0
        D:7 |     161 |       0 |   0.0 |       7 |       0 |   0.0
            +---------+---------+-------+---------+---------+-------

Illustrated notes

Table legend:
 A = Kills in this place as a percentage of kills in entire the game.
 B = Kills by you in this place as a percentage of kills by you in the entire game.
 C = Kills by friends in this place as a percentage of kills by friends in the entire game.
 D = Other kills in this place as a percentage of other kills in the entire game.
 E = Experience gained in this place as a percentage of experience gained in the entire game.
 F = Experience gained in this place divided by the number of levels of this place that you have seen.
                   A       B       C       D       E      F
               +-------+-------+-------+-------+-------+----------------------
         Total | 100.0 | 100.0 |   N/A |   N/A | 100.0 | 115.8
       Dungeon | 100.0 | 100.0 |   N/A |   N/A | 100.0 | 154.3
               +-------+-------+-------+-------+-------+----------------------

Table legend: (Time is in decaauts)
 A = Elapsed time spent in this place.
 B = Non-inter-level travel time spent in this place.
 C = Inter-level travel time spent in this place.
 D = Time resting spent in this place.
 E = Time spent auto-exploring this place.
 F = Levels seen in this place.
 G = Mean time per level.
                   A        B        C        D        E       F      G
               +--------+--------+--------+--------+--------+-----+--------+
         Total |    681 |    663 |     18 |     45 |    375 |   4 |  170.2 |
       Dungeon |    581 |    571 |     10 |     27 |    307 |   3 |  193.7 |
        Temple |     99 |     91 |      8 |     18 |     68 |   1 |   99.0 |
               +--------+--------+--------+--------+--------+-----+--------+

Top non-repeatable levels by time:
     D:7: 299 daAuts
     D:6: 178 daAuts
     D:5: 104 daAuts
  Temple: 99 daAuts
